 Dungeon Sprint DCSS version 0.23-a0-666-g28d4f2f0af (webtiles) character file.

933 Denreik the Warrior (level 8, -9/88 HPs)
             Began as a Formicid Fighter on Jan 8, 2019.
             Mangled by Menkaure (20 damage)
             ... in the Dungeon (Sprint II: "The Violet Keep of Menkaure").
             The game lasted 00:04:46 (527 turns).

Denreik the Warrior (Formicid Fighter)               Turns: 527, Time: 00:04:48

Health: -9/88      AC:  8    Str: 24      XL:     8   Next: 33%
Magic:  8/8        EV:  8    Int:  4 (5)  God:
Gold:   734        SH:  9    Dex:  5 (6)  Spells: 7/7 levels left

rFire    . . .     SeeInvis +   a - +0 quarterstaff
rCold    . . .     Gourm    .   c - +0 shield
rNeg     . . .     Faith    .   b - +0 scale mail
rPois    .         Spirit   .   (helmet unavailable)
rElec    .         Reflect  .   d - +0 cloak
rCorr    .         Harm     .   (no gloves)
MR       .....                  (no boots)
Stlth    ..........             (no amulet)
HPRegen  0.24/turn              (no ring)
MPRegen  0.11/turn              (no ring)

@: no status effects
A: permanent stasis, dig shafts and tunnels, four strong arms, antennae 3,
blurry vision 2, clumsy 2, deterioration 1, dopey 1
a: Dig


You were in the Dungeon.
You were not hungry.

You visited 1 branch You collected 972 gold pieces.
You spent 238 gold pieces at shops.

Inventory:

Hand Weapons
 a - a +0 quarterstaff (weapon)
Armour
 b - a +0 scale mail (worn)
 c - a +0 shield (worn)
 d - a +0 cloak (worn)
Scrolls
 k - a scroll of blinking
Potions
 e - a potion of curing
 g - a potion of mutation
 h - a potion of haste
 i - 2 potions of magic
 j - a potion of berserk rage
Comestibles
 f - a ration


   Skills:
 - Level 17.6 Fighting
 - Level 2.0 Staves
 - Level 3.2 Armour
 * Level 3.6 Shields


You had 7 spell levels left.
You didn't know any spells.
Your spell library was empty.

Dungeon Overview and Level Annotations

Branches:
Dungeon (1/1)

Altars:

Shops:
D (::}![=%=[=%!?:!

Annotations:
D exclusion: oklob plant, Menkaure


Innate Abilities, Weirdness & Mutations

You cannot be hasted, slowed, berserked, paralysed or teleported.
You can dig through walls and to a lower floor.
Your four strong arms can wield two-handed weapons with a shield.
You have a pair of large antennae on your head. (SInv)
Scrolls take you longer to read.
You are very clumsy. (Dex -4)
Your body sometimes deteriorates upon taking damage.
You are dopey. (Int -2)


Message History

Menkaure is lightly damaged.
You block Menkaure's attack.
You sock Menkaure!
Menkaure is severely damaged.
Menkaure casts a spell at you. Pain shoots through your body!
* * * LOW HITPOINT WARNING * * *
You block Menkaure's attack.
You hit Menkaure.
Menkaure is severely damaged.
You block Menkaure's attack.
Okay, then.
You hit Menkaure but do no damage.
Menkaure is severely damaged.
Menkaure calls on the powers of darkness!
Your body is wracked with pain!
* * * LOW HITPOINT WARNING * * *
Your body deteriorates!
You feel clumsy. Menkaure hits you!!
You die...

{ {{{ {{{ { {{{ {{{
# { { ############≈≈
###########≈≈≈...
##.......∩#≈≈≈≈.##+#
##∩@....∩.#≈≈≈≈##...
##.M...∩.∩#≈≈≈≈#..#.
##∩.∩.∩.∩.#≈≈####.).
##.∩.∩.∩..#≈##..##'#
##..∩.∩...#≈#..###.#
##...⌠....'≈'##.'.<.
##........#≈#..###.#
#▓▓▓▓▓▓▓###≈##.###'.
##ZZJ######≈≈####.#.


You could see Menkaure.

Vanquished Creatures
  A merfolk siren (D)
  4 neqoxecs (D)
  4 worker ants (D)
  3 worms (D)
12 creatures vanquished.

Vanquished Creatures (others)
  A crocodile (D)
1 creature vanquished.

Grand Total: 13 creatures vanquished

Notes
Turn   | Place    | Note
-------+----------+-------------------------------------------
     0 | D        | Denreik the Formicid Fighter began the quest for the Orb.
     0 | D        | Reached XP level 1. HP: 18/18 MP: 1/1
     2 | D        | Noticed a merfolk siren
     9 | D        | Killed a merfolk siren
     9 | D        | Reached skill level 14 in Fighting
     9 | D        | Reached XP level 2. HP: 42/42 MP: 2/2
     9 | D        | Reached XP level 3. HP: 48/48 MP: 3/3
     9 | D        | Reached XP level 4. HP: 55/55 MP: 4/4
     9 | D        | Reached XP level 5. HP: 61/61 MP: 5/5
     9 | D        | Reached XP level 6. HP: 68/68 MP: 6/6
    34 | D        | Reached XP level 7. HP: 63/75 MP: 7/7
    40 | D        | Reached skill level 15 in Fighting
   156 | D        | Noticed a neqoxec
   165 | D        | Killed a neqoxec
   167 | D        | Noticed a neqoxec
   167 | D        | Noticed a neqoxec
   167 | D        | Noticed a neqoxec
   168 | D        | Noticed an ice statue
   170 | D        | Gained mutation: You are dopey. (Int -2) [a neqoxec]
   174 | D        | Gained mutation: You are clumsy. (Dex -2) [a neqoxec]
   180 | D        | Killed a neqoxec
   180 | D        | Reached skill level 16 in Fighting
   180 | D        | Gained mutation: You are very clumsy. (Dex -4) [a neqoxec]
   180 | D        | Gained mutation: Scrolls take you a little longer to read.
                  | [a neqoxec]
   185 | D        | Gained mutation: Your body sometimes deteriorates upon
                  | taking damage. [a neqoxec]
   187 | D        | Killed a neqoxec
   187 | D        | Reached skill level 17 in Fighting
   187 | D        | Reached XP level 8. HP: 28/87 MP: 8/8
   190 | D        | HP: 4/87 [neqoxec (7)]
   191 | D        | Gained mutation: Scrolls take you longer to read. [a
                  | neqoxec]
   491 | D        | Found Xaraisk's Food Emporium.
   491 | D        | Found Heoss's Magic Scroll Emporium.
   491 | D        | Found Jiprog's Jewellery Shoppe.
   491 | D        | Found Ihayps's Distillery.
   491 | D        | Found Tiamuif's Jewellery Shoppe.
   491 | D        | Found Urima's Distillery.
   491 | D        | Found Qeowesk's Book Shoppe.
   492 | D        | Found Siyros's Antique Armour Emporium.
   492 | D        | Found Cautsug's Food Shoppe.
   493 | D        | Found Xipyrata's Jewellery Shoppe.
   493 | D        | Found Gywkuc's Antique Armour Emporium.
   493 | D        | Noticed a slime creature
   494 | D        | Noticed a slime creature
   495 | D        | Found Caugguvyss's Distillery.
   495 | D        | Found Xerhin's Gadget Shoppe.
   495 | D        | Noticed Menkaure
   495 | D        | Noticed a slime creature
   495 | D        | Noticed an oklob plant
   496 | D        | Found Sodalo's Book Shoppe.
   496 | D        | Found Cotsamor's Book Shoppe.
   496 | D        | Found Doal's Antique Weapon Emporium.
   501 | D        | Bought a cloak for 126 gold pieces
   504 | D        | Bought a potion of mutation for 112 gold pieces
   527 | D        | Mangled by Menkaure

Vault maps used:
D:        the_violet_keep_of_menkaure

Skill      XL: |  1  2  3  4  5  6  7 |
---------------+----------------------+-----
Fighting       | 14 17 | 17.6
Staves         | |  2.0
Armour         | |  3.2
Shields        | |  3.6

Action                   |  1- 3 |  4- 6 |  7- 9 || total
-------------------------+-------+-------+-------++-------
Melee: Quarterstaff      |     4 |    10 |    45 ||    59
 Abil: Dig               |       |       |     3 ||     3
  Use: Potion            |     1 |       |     1 ||     2
Armor: Scale mail        |       |     1 |    11 ||    12
Dodge: Dodged            |       |     1 |    20 ||    21
Block: Shield            |     1 |     1 |    25 ||    27

Table legend:
 A = Non-vault XP
 B = Vault XP
 C = Vault XP percentage of total XP
 D = Non-vault monster count
 E = Vault monster count
 F = Vault count percentage of total count
                 A         B        C        D         E       F
            +---------+---------+-------+---------+---------+-------
      Total |       0 |    1334 | 100.0 |       0 |      12 | 100.0
            +---------+---------+-------+---------+---------+-------
          D |       0 |    1334 | 100.0 |       0 |      12 | 100.0
            +---------+---------+-------+---------+---------+-------
